 Dungeon Crawl Stone Soup version 0.26.0-16-gc1dbca0489 (webtiles) character file.

Game seed: 14179057309864644022

4 EnegeticOcto the Grave Robber (level 1, -3/13 HPs)
             Began as a Halfling Necromancer on Jan 17, 2021.
             Slain by a kobold
             ... wielding a +0 whip
              (7 damage)
             ... on level 1 of the Dungeon.
             The game lasted 00:00:37 (290 turns).

EnegeticOcto the Grave Robber (Halfling Necromancer) Turns: 290, Time: 00:00:37

Health: -3/13      AC:  2    Str:  9    XL:     1   Next: 77%
Magic:  1/3        EV: 15    Int: 13    God:
Gold:   0          SH:  0    Dex: 14    Spells: 2/3 levels left

rFire    . . .     SeeInvis .   d - +0 mace
rCold    . . .     Faith    .   (shield restricted)
rNeg     . . .     Spirit   .   a - +0 robe
rPois    .         Reflect  .   (no helmet)
rElec    .         Harm     .   (no cloak)
rCorr    .         Rampage  .   (no gloves)
Will     .....                  (no boots)
Stlth    ++........             (no amulet)
HPRegen  0.04/turn              (no ring)
MPRegen  0.08/turn              (no ring)

@: no status effects
A: small, mutation resistance 1
a: no special abilities


You were on level 1 of the Dungeon.
You visited 1 branch of the dungeon, and saw 1 of its levels.

Inventory:

Hand Weapons
 d - a +0 mace (weapon)
   (You found it on level 1 of the Dungeon)
Missiles
 f - 21 sling bullets
 g - 20 stones
Armour
 a - a +0 robe (worn)
Scrolls
 b - a scroll of amnesia {unknown}
 c - a scroll of identify {unknown}
 e - a scroll of random uselessness {unknown}


   Skills:
 + Level 1.0 Fighting
 - Level 2.1 Dodging
 - Level 2.1 Stealth
 - Level 1.5 Spellcasting
 - Level 3.2 Necromancy


You had 2 spell levels left.
You knew the following spells:

 Your Spells              Type           Power        Failure   Level
a - Pain                  Necr           36%          7%          1

Your spell library contained the following spells:

 Spells                   Type           Power        Failure   Level
 Animate Skeleton         Necr           18%          7%          1
 Vampiric Draining        Necr           4%           22%         3
 Animate Dead             Necr           4%           56%         4
 Agony                    Necr           9%           89%         5


Dungeon Overview and Level Annotations

Branches:
Dungeon (1/15)

Altars:


Innate Abilities, Weirdness & Mutations

You are small and have problems with some larger weapons.
You are somewhat resistant to further mutation.


Message History

Confirm with . or Enter, or press ? or * to list all spells.
Aiming: Pain (safe; 7% risk of failure)
Press: ? - help, Shift-Dir - straight line, f - kobold
Aim: a kobold, wielding a +0 short sword (chance to affect: 76%)
The kobold writhes in agony.
You kill the kobold!
Things that are here:
21 sling bullets; a dagger
f - 21 sling bullets
Things that are here:
a +0 short sword; a kobold corpse You see here 16 stones.
g - 16 stones
Things that are here:
a +0 short sword; a kobold corpse
g - 18 stones (gained 2)
You see here a ring mail.
g - 20 stones (gained 2)
A hobgoblin comes into view.
A hobgoblin is nearby!
A kobold comes into view. It is wielding a +0 whip.
The hobgoblin shouts!
The kobold shouts!
A bat comes into view. x2
The kobold throws a stone.
The stone hits you but does no damage.
The bat moves out of view.
The kobold throws a stone.
The stone barely misses you.
Found a stone staircase leading down.
Casting: Pain (safe; 7% risk of failure)
Confirm with . or Enter, or press ? or * to list all spells.
Aiming: Pain (safe; 7% risk of failure)
Press: ? - help, Shift-Dir - straight line, f - hobgoblin
Aim: a hobgoblin (chance to affect: 76%)
The hobgoblin writhes in agony.
The bat completely misses you.
A hobgoblin comes into view. It is wielding a +0 club.
The kobold throws a stone.
The stone closely misses you. The bat closely misses you. The bat misses you.
The bat hits you but does no damage. x2
You miss the bat. The bat misses you. The bat barely misses you.
You completely miss the bat. The bat closely misses you.
The bat barely misses you.
You hit the bat.
You kill the bat!
The hobgoblin hits you.
You are too injured to fight recklessly!
You are too injured to fight recklessly!
You are too injured to fight recklessly!
You are too injured to fight recklessly!
You are too injured to fight recklessly!
You are too injured to fight recklessly!
You are too injured to fight recklessly!
You are too injured to fight recklessly!
You are too injured to fight recklessly!
You are too injured to fight recklessly!
You are too injured to fight recklessly!
You are too injured to fight recklessly!
You are too injured to fight recklessly!
You are too injured to fight recklessly!
You are too injured to fight recklessly!
You are too injured to fight recklessly!
You are too injured to fight recklessly!
You are too injured to fight recklessly!
You hit the hobgoblin but do no damage.
The hobgoblin is lightly wounded.
The hobgoblin closely misses you.
You hit the hobgoblin.
The hobgoblin is heavily wounded.
The hobgoblin closely misses you.
You hit the hobgoblin.
You kill the hobgoblin!
The kobold throws a stone.
The stone completely misses you.
Your Fighting skill increases to level 1!
The kobold misses you.
You see here a bat corpse.
You completely miss the kobold. The kobold misses you.
You completely miss the kobold. The kobold misses you.
The kobold hits you with a +0 whip.
You hit the kobold but do no damage. The kobold barely misses you.
You hit the kobold but do no damage. The kobold hits you with a +0 whip.
The kobold barely misses you.
You closely miss the kobold. The kobold misses you.
You hit the kobold but do no damage. The kobold misses you.
You hit the kobold.
The kobold is moderately wounded.
The kobold misses you. The kobold barely misses you.
Casting: Pain (safe; 7% risk of failure)
Confirm with . or Enter, or press ? or * to list all spells.
Aiming: Pain (safe; 7% risk of failure)
Press: ? - help, Shift-Dir - straight line, f - kobold
Aim: a kobold, wielding a +0 whip (moderately wounded, chance to affect: 76%)
The kobold barely resists.
The kobold closely misses you.
Casting: Pain (safe; 7% risk of failure)
Confirm with . or Enter, or press ? or * to list all spells.
Aiming: Pain (safe; 7% risk of failure)
Press: ? - help, Shift-Dir - straight line, f/p - kobold
Aim: a kobold, wielding a +0 whip (moderately wounded, chance to affect: 76%)
The kobold writhes in agony.
The kobold hits you with a +0 whip!
Ouch! That really hurt!
You die...

#### #.......### .....
#.......... .#....
#.(......#
......##.......# #..
#......(....# ##..
.....#.........# #...
.
b#.#...........###...
. ...K?#.#K#..####....
###. #......#@##.#
##..# #...
........#.##.###..#
#...
...###..#.........#
#... .g.
.........##..#####...
..#..(..............†.
##.#....[......#####
#.............#<..P
#.............####.
#.............#....


You could see a kobold.

Vanquished Creatures
  3 bats (D:1)
  A hobgoblin (D:1)
  A kobold (D:1)
5 creatures vanquished.

Notes
Turn   | Place    | Note
-------+----------+-------------------------------------------
     0 | D:1      | EnegeticOcto the Halfling Necromancer began the quest for
                  | the Orb.
     0 | D:1      | Reached XP level 1. HP: 11/11 MP: 3/3
   281 | D:1      | Reached skill level 1 in Fighting
   290 | D:1      | Slain by a kobold

Illustrated notes

Levels and vault maps discovered:
D:1:      lightli_arrival_flooded_house, layout_rooms, hangedman_glass_teeth,
          chequers_serial_rivers_micro_a, st_stairs_2, minmay_cut_off

Skill      XL: |  1 |
---------------+----+-----
Fighting       | 1 |  1.0
Dodging        | |  2.1
Stealth        | |  2.1
Spellcasting   | |  1.5
Necromancy     | |  3.2

Action                   || total
-------------------------++-------
Melee: Mace              ||    19
 Cast: Pain              ||     9
Armor: Robe              ||     9
Dodge: Dodged            ||    42
